 Dungeon Crawl Stone Soup version 0.29-a0-398-ge13fd1374b (webtiles) character file.

Game seed: 16408622074028038342

35 thiscave3701365 the Vandal (level 3, -1/30 HPs)
             Began as a Minotaur Hunter on May 12, 2022.
             Slain by Sigmund
             ... wielding a +0 scythe
              (10 damage)
             ... on level 2 of the Dungeon.
             The game lasted 00:00:47 (1078 turns).

thiscave3701365 the Vandal (Minotaur Hunter)        Turns: 1078, Time: 00:00:47

Health: -1/30      AC:  3    Str: 17    XL:     3   Next: 17%
Magic:  2/2        EV: 12    Int:  6    God:
Gold:   65         SH:  0    Dex: 13    Spells: 2/2 levels left

rFire   . . .      SeeInvis .   a - +1 hunting sling
rCold   . . .      Faith    .   (no shield)
rNeg    . . .      Spirit   .   b - +0 leather armour
rPois   .          Reflect  .   (helmet restricted)
rElec   .          Harm     .   (no cloak)
rCorr   .          Rampage  .   (no gloves)
Will    .....                   (no boots)
Stlth   +.........              (no amulet)
HPRegen 0.10/turn               (no ring)
MPRegen 0.08/turn               (no ring)

@: no status effects
A: horns 2, retaliatory headbutt
a: no special abilities


You were on level 2 of the Dungeon.
You visited 1 branch of the dungeon, and saw 2 of its levels.

You collected 65 gold pieces.

Inventory:

Hand Weapons
 a - a +1 hunting sling (weapon)
Armour
 b - a +0 leather armour (worn)
Jewellery
 h - an amulet of magic regeneration
Scrolls
 c - 2 scrolls of immolation
 e - a scroll of amnesia {unknown}
 f - 2 scrolls of identify {unknown}
 g - a scroll of enchant weapon {unknown}
 i - 2 scrolls of teleportation {unknown}
 j - a scroll of torment {unknown}
Potions
 d - a potion of heal wounds {unknown}


   Skills:
 + Level 2.7 Fighting
 + Level 5.4 Slings
 + Level 0.2 Armour
 + Level 2.2 Dodging
 + Level 0.7 Stealth


You had 2 spell levels left.
You didn't know any spells.
Your spell library was empty.

Dungeon Overview and Level Annotations

Branches:
Dungeon (2/15)

Altars:

Shops:
D:1 (

Annotations:
D:2 Sigmund


Innate Abilities, Weirdness & Mutations

You have a pair of horns on your head.
You reflexively headbutt those who attack you in melee.


Message History

Sigmund is nearby!
Sigmund is nearby!
You shoot a sling bullet. The sling bullet hits Sigmund.
Sigmund shouts!
Sigmund is lightly wounded.
You hear a shout!
Sigmund barely misses you.
You shoot a sling bullet. The sling bullet hits Sigmund.
Sigmund is lightly wounded.
Sigmund closely misses you.
You shoot a sling bullet.
The sling bullet closely misses Sigmund.
Sigmund drinks a potion.
Sigmund seems to grow stronger.
You shoot a sling bullet. The sling bullet hits Sigmund.
Sigmund is moderately wounded.
Sigmund hits you from afar with a +0 scythe!
You shoot a sling bullet. The sling bullet hits Sigmund.
Sigmund is heavily wounded.
Sigmund hits you but does no damage.
You shoot a sling bullet. The sling bullet hits Sigmund.
Sigmund is heavily wounded.
Sigmund points at you and mumbles some strange words.
The puff of flame hits you.
You are too injured to fight recklessly!
You are too injured to fight recklessly!
You are too injured to fight recklessly!
Fire: a) +1 hunting sling
Press: ? - help, Shift-Dir - straight line, f/p - Sigmund
Aim: Sigmund, wielding a +0 scythe and wearing a +0 robe (heavily wounded, strong, 55% to hit)
You shoot a sling bullet. The sling bullet hits Sigmund.
Sigmund is severely wounded.
Sigmund hits you from afar with a +0 scythe.
* * * LOW HITPOINT WARNING * * *
Fire: a) +1 hunting sling
Press: ? - help, Shift-Dir - straight line, f/p - Sigmund
Aim: Sigmund, wielding a +0 scythe and wearing a +0 robe (severely wounded, strong, 55% to hit)
You shoot a sling bullet. The sling bullet barely misses Sigmund.
A kobold comes into view. It is wielding a +0 short sword.
Sigmund hits you from afar with a +0 scythe!
You die...

## .# ## # .#.K .. ##.#.
... #... ....
#####..#.....
#....$.@..... #.# #@# #.#
#.# #.# #.# #.## #.###.#
$. ...#
##..##.###...####..#
#..........# ..##..# #.
#.####.###..###...#.##..#
#. #......# #..# #
##.##..# #.
#..###.###..####.##[##..#
#[


You could see Sigmund (strong) and a kobold.

Vanquished Creatures
  A gnoll (D:1)
  An adder (D:2)
  2 bats
  An endoplasm (D:1)
  A giant cockroach (D:1)
  5 goblins
  A hobgoblin (D:1)
  A kobold (D:1)
  2 rats (D:1)
15 creatures vanquished.

Notes
Turn   | Place    | Note
-------+----------+-------------------------------------------
     0 | D:1      | thiscave3701365 the Minotaur Hunter began the quest for the
                  | Orb.
     0 | D:1      | Reached XP level 1. HP: 18/18 MP: 0/0
   159 | D:1      | Reached XP level 2. HP: 23/25 MP: 1/1
   365 | D:1      | Reached skill level 5 in Slings
   444 | D:1      | Found Uruoroesk's Antique Weapon Shoppe.
   719 | D:1      | Found a faded altar of an unknown god.
   947 | D:2      | Reached XP level 3. HP: 30/30 MP: 2/2
  1070 | D:2      | Noticed Sigmund
  1078 | D:2      | Slain by Sigmund

Illustrated notes

Levels and vault maps discovered:
D:1:      spicycebolla_arrival_xxxplode, layout_loops_ring, serial_shops,
          nicolae_shop_stone, shapermc_ecumenical_altar_pompeii
D:2:      layout_loops_ring, uniq_sigmund

Skill      XL: |  1  2 |
---------------+-------+-----
Slings         | 5 |  5.4
Fighting       | |  2.7
Armour         | |  0.2
Dodging        | |  2.2
Stealth        | |  0.7

Action                   || total
-------------------------++-------
 Fire: Hunting sling     ||    57
Armor: Leather armour    ||     6
Dodge: Dodged            ||    18

Table legend: (Time is in decaauts)
 A = Elapsed time spent in this place.
 B = Non-inter-level travel time spent in this place.
 C = Inter-level travel time spent in this place.
 D = Time resting spent in this place.
 E = Time spent auto-exploring this place.
 F = Levels seen in this place.
 G = Mean time per level.
                   A        B        C        D        E       F      G
               +--------+--------+--------+--------+--------+-----+--------+
         Total |   1093 |   1056 |     37 |      0 |    943 |   2 |  546.5 |
       Dungeon |   1093 |   1056 |     37 |      0 |    943 |   2 |  546.5 |
               +--------+--------+--------+--------+--------+-----+--------+

Top non-repeatable levels by time:
     D:1: 864 daAuts
     D:2: 229 daAuts
